 Dungeon Crawl Stone Soup version 0.26.1-11-gd32895ea62 (webtiles) character file.

Game seed: 14068852566234244897

4048 Tirrikindir the Carver (level 10, -2/59 HPs)
             Began as an Octopode Fighter on June 2, 2021.
             Was a Priest of Dithmenos.
             Killed from afar by Psyche (8 damage)
             ... with a puff of flame
             ... on level 8 of the Dungeon.
             The game lasted 00:20:38 (10323 turns).

Tirrikindir the Carver (Octopode Fighter)          Turns: 10323, Time: 00:20:39

Health: -2/59      AC:  3    Str: 16    XL:     10   Next: 24%
Magic:  13/13      EV: 14    Int: 12    God:    Dithmenos [***...]
Gold:   486        SH: 11    Dex: 13    Spells: 9/9 levels left

rFire    . . .     SeeInvis +   a - +1 long sword
rCold    . . .     Faith    .   b - +1 kite shield
rNeg     . . .     Spirit   .   n - +2 hat
rPois    .         Reflect  .   (no amulet)
rElec    .         Harm     .   (no ring)
rCorr    .         Rampage  .   l - ring of wizardry
Will     .....                  o - ring of stealth
Stlth    +++++++...             m - ring of see invisible
HPRegen  0.19/turn              (no ring)
MPRegen  0.13/turn              (no ring)
                                (no ring)
                                (no ring)

@: mighty, wreathed by umbra, studying Long Blades
A: almost no armour, stealthy swim, amphibious, 8 rings, constrict 8, camouflage
1, blink, frail 1, gelatinous body 1
a: Blink, Renounce Religion, Shadow Step


You were on level 8 of the Dungeon.
You worshipped Dithmenos.
Dithmenos was most pleased with you.
You visited 2 branches of the dungeon, and saw 9 of its levels.
You also visited: Sewer.

You collected 486 gold pieces.

Inventory:

Hand Weapons
 a - a +1 long sword (weapon)
 q - a +2 rapier of electrocution
 r - the cursed +2 dagger "Caroj" {pain, rPois rF+ rN+}
   (You found it on level 4 of the Dungeon)

   In the hands of one skilled in necromantic magic, it inflicts extra damage on
   living creatures.
   It protects you from fire.
   It protects you from poison.
   It protects you from negative energy.
   It has a curse placed upon it.
Missiles
 e - 50 poisoned darts (quivered)
Armour
 b - a +1 kite shield (worn)
 n - a +2 hat (worn)
Jewellery
 d - an uncursed amulet of magic regeneration
 l - a ring of wizardry (right tentacle)
 m - a ring of see invisible (on tentacle)
 o - a ring of stealth (on tentacle)
Wands
 g - a wand of flame (40)
 i - a wand of iceblast (3)
Scrolls
 j - 3 scrolls of teleportation
 s - a scroll of amnesia
 u - 3 scrolls of identify
 w - a scroll of noise {unknown}
Potions
 c - 2 potions of might
 f - 4 potions of haste
 h - a potion of resistance
 k - a potion of curing
 p - 2 potions of flight
 t - a potion of brilliance
Books
 v - a manual of Long Blades


   Skills:
 + Level 5.0 Fighting
 * Level 9.3 Long Blades
 * Level 6.0 Dodging
 + Level 6.0 Stealth
 * Level 6.1 Shields
 + Level 5.2 Invocations
 + Level 3.9 Evocations


You had 9 spell levels left.
You didn't know any spells.
Your spell library contained the following spells:

 Spells                   Type           Power        Failure   Level
 Sting                    Tmut/Pois      0%           38%         1
 Poisonous Vapours        Pois/Air       0%           50%         2
 Confusing Touch          Hex            0%           73%         3
 Gell's Gravitas          Tloc           0%           73%         3
 Ignite Poison            Fire/Tmut/Pois 0%           73%         3
 Mephitic Cloud           Conj/Pois/Air  0%           73%         3
 Olgreb's Toxic Radiance  Pois           0%           98%         4
 Petrify                  Tmut/Erth      0%           98%         4
 Metabolic Englaciation   Hex/Ice        0%           100%        5
 Yara's Violent Unravell  Hex/Tmut       0%           100%        5


Dungeon Overview and Level Annotations

Branches:
Dungeon (8/15)             Temple (1/1) D:5           Sewer (visited)
   Lair: D:8-11

Altars:
Ashenzari
Cheibriados
Dithmenos
Elyvilon
Fedhas
Gozag
Hepliaklqana
Kikubaaqudgha
Makhleb
Nemelex Xobeh
Okawaru
Qazlal
Ru
Sif Muna
Trog
Uskayaw
Vehumet
Wu Jian
Xom
Yredelemnul
Zin
The Shining One

Shops:
D:4 [   D:5 ?

Annotations:
D:7 1 runed translucent door
D:8 Psyche


Innate Abilities, Weirdness & Mutations

You cannot wear most types of armour.
You are very stealthy in the water. (Stealth+)
You are amphibious.
You can wear up to eight rings at the same time.
You can use your tentacles to constrict eight enemies at once.
Your skin changes colour to match your surroundings (Stealth+).
Your rubbery body absorbs attacks. (AC +1, EV +1)
You can translocate small distances at will.
You are frail. (-10% HP)


Message History

* * * LOW HITPOINT WARNING * * *
Grum barely misses you.
Psyche the Insane Magess comes into view.
She is wielding a +1 dagger of distortion.
Aiming: Iceblast
Press: ? - help, Shift-Dir - straight line, f - Grum
Aim: Grum, wielding a +1 spear, wearing a +0 animal skin and carrying a wand of random effects (12) (heavily wounded, umbra)
The mass of ice explodes!
The iceblast engulfs Grum!
Grum is severely wounded.
Grum hits you but does no damage.
Aiming: Iceblast
Press: ? - help, Shift-Dir - straight line, f/p - Grum
Aim: Grum, wielding a +1 spear, wearing a +0 animal skin and carrying a wand of random effects (12) (severely wounded, umbra)
The mass of ice explodes!
The iceblast engulfs Grum!!
You kill Grum!
Dithmenos accepts your kill.
Psyche shouts!
Your Dodging skill increases to level 6!
Psyche casts a spell at you. The puff of flame hits you!
You die...

#.# ##..... #.#
#...... #.##
#...... #..###
#......
##.@.@###†.....
##.####.).......
##.## ##.@...###
##### ##.##
##.....# ###...#
##@## #......#
#.....## ##..#
#...#.@.
#......# ##..##
##..###.
##..(..# ##..##
#..# # #.....#
##..## ....
#.....# ##..##
##....###..##
#....##..##
##...#..## ###


You could see Psyche.

Vanquished Creatures
  Maggie (D:6)
  Eustachio (D:4)
  Grum (D:8)
  Edmund (D:5)
  A phantom (D:5)
  An ice beast (D:5)
  4 wolves (D:8)
  5 ogres
  2 centaurs (D:5)
  A big kobold (D:7)
  3 bullfrogs
  Blork the orc (D:6)
  5 scorpions
  6 killer bees
  A bullfrog zombie (D:7)
  A quasit (D:8)
  3 bullfrog skeletons
  2 jellies
  7 orc wizards
  Crazy Yiuf (D:7)
  5 orc priests
  2 hounds
  3 iguanas
  13 worker ants
  A killer bee zombie (D:8)
  10 adders
  4 gnolls (D:8)
  3 shadow imps
  4 white imps
  An ufetubus (D:6)
  4 oozes
  3 adder skeletons
  9 worms
  A dart slug (D:1)
  4 leopard geckos
  20 orcs
  14 giant cockroaches
  5 hobgoblins
  21 jackals
  9 kobolds
  2 quokkas
  3 ball pythons
  20 bats
  6 frilled lizards
  7 goblins
  2 leopard gecko skeletons (D:4)
  A quokka skeleton (D:6)
  6 rats
  A butterfly (D:6)
232 creatures vanquished.

Vanquished Creatures (others)
  An orc (D:8)
1 creature vanquished.

Grand Total: 233 creatures vanquished

Notes
Turn   | Place    | Note
-------+----------+-------------------------------------------
     0 | D:1      | Tirrikindir the Octopode Fighter began the quest for the
                  | Orb.
     0 | D:1      | Reached XP level 1. HP: 16/16 MP: 1/1
   151 | D:1      | Reached XP level 2. HP: 18/21 MP: 2/2
   214 | D:1      | You fall into a shaft and drop 1 floor!
   278 | D:2      | Reached skill level 1 in Stealth
   294 | D:2      | Reached XP level 3. HP: 15/26 MP: 3/3
   298 | D:2      | HP: 1/26 [worker ant (7)]
   863 | D:1      | Reached XP level 4. HP: 31/31 MP: 4/4
  1024 | D:1      | Reached skill level 3 in Long Blades
  1590 | D:2      | Found a shadowy altar of Dithmenos.
  1598 | D:2      | Became a worshipper of Dithmenos the Shadowed
  1725 | D:3      | Found a faded altar of an unknown god.
  1898 | D:3      | Found a glowing drain.
  1903 | Sewer    | Entered a sewer
  1910 | Sewer    | Reached XP level 5. HP: 21/36 MP: 5/5
  2124 | Sewer    | Reached * piety under Dithmenos
  3272 | D:4      | Noticed Eustachio
  3406 | D:4      | Reached XP level 6. HP: 18/43 MP: 6/6
  3426 | D:4      | Found Peczoihu's Antique Armour Shoppe.
  3441 | D:4      | Reached skill level 4 in Long Blades
  3441 | D:4      | Reached skill level 1 in Evocations
  3579 | D:4      | Reached skill level 1 in Invocations
  3618 | D:4      | Killed Eustachio
  3619 | D:4      | Reached XP level 7. HP: 22/48 MP: 6/8
  3874 | D:4      | Identified the cursed +1 ring mail of Dyspraxia {+Inv rC+
                  | rCorr Stlth-}
  4025 | D:4      | Got a pitted dagger
  4483 | D:5      | Entered Level 5 of the Dungeon
  4495 | D:5      | Reached skill level 5 in Long Blades
  4772 | D:5      | Reached XP level 8. HP: 37/54 MP: 10/10
  4869 | D:5      | Found a stormy altar of Qazlal.
  4871 | D:5      | Found a radiant altar of Vehumet.
  4879 | D:5      | Found a glowing silver altar of Zin.
  4965 | D:5      | Reached skill level 6 in Long Blades
  5001 | D:5      | Noticed Edmund
  5015 | D:5      | Killed Edmund
  5037 | D:5      | Reached ** piety under Dithmenos
  5049 | D:5      | Reached skill level 7 in Long Blades
  5330 | D:5      | Found a staircase to the Ecumenical Temple.
  5476 | D:5      | Found a snail-covered altar of Cheibriados.
  5617 | D:5      | Found Nuaboni's Magic Scroll Shoppe.
  6053 | Temple   | Entered the Ecumenical Temple
  6293 | D:5      | Reached skill level 8 in Long Blades
  6450 | D:6      | Identified the cursed +2 dagger "Caroj" {pain, rPois rF+
                  | rN+} (You found it on level 4 of the Dungeon)
  6960 | D:6      | Reached XP level 9. HP: 58/58 MP: 12/12
  7177 | D:6      | Gained mutation: You are frail. (-10% HP) [potion of
                  | mutation]
  7177 | D:6      | Gained mutation: Your body sometimes deteriorates upon
                  | taking damage. [potion of mutation]
  7177 | D:6      | Lost mutation: Your body sometimes deteriorates upon taking
                  | damage. [potion of mutation]
  7177 | D:6      | Gained mutation: You can translocate small distances at
                  | will. [potion of mutation]
  7263 | D:6      | Noticed Maggie
  7274 | D:6      | Killed Maggie
  7374 | D:6      | Noticed Blork the orc
  7380 | D:6      | Killed Blork the orc
  7572 | D:6      | Found a runed translucent door.
  7574 | D:6      | Found a runed translucent door.
  7775 | D:7      | Reached skill level 5 in Shields
  7870 | D:7      | Reached skill level 5 in Stealth
  7874 | D:7      | Reached skill level 5 in Dodging
  8522 | D:7      | Found a burning altar of Makhleb.
  8582 | D:7      | Found a runed translucent door.
  8583 | D:7      | Noticed Crazy Yiuf
  8589 | D:7      | Killed Crazy Yiuf
  8956 | D:7      | Found a runed translucent door.
  9051 | D:6      | Reached *** piety under Dithmenos
  9227 | D:6      | Reached skill level 5 in Invocations
  9229 | D:6      | Reached XP level 10. HP: 13/58 MP: 13/13
  9538 | D:7      | Reached skill level 9 in Long Blades
 10298 | D:8      | Noticed Grum
 10304 | D:8      | Reached skill level 5 in Fighting
 10312 | D:8      | Noticed Psyche
 10316 | D:8      | Killed Grum
 10323 | D:8      | Killed from afar by Psyche

Illustrated notes

Levels and vault maps discovered:
D:1:      dpeg_arrival_pits, layout_loops_ring, st_stairs_14,
          minmay_heptomino_o4
D:2:      layout_basic, grunt_dithmenos_smoke
D:3:      layout_rooms, portal_sewer_entry_e, chequers_ecumenical_altar_simple,
          hangedman_decor_peaks_small, grunt_decor_resistance
D:4:      layout_cave_pools, serial_shops, shop, uniq_eustachio
D:5:      layout_loops_ring, slow_altar_2, minmay_overflow_temple_star_quad,
          minmay_temple_entry_sparse_star, serial_shops,
          nicolae_shop_statue_plus, uniq_edmund
D:6:      lemuel_insect_pit, layout_gridville, uniq_blork_the_orc, uniq_maggie
D:7:      layout_rooms, old_standard_altar, nrook_mini_backslash,
          lightli_church_of_beogh, uniq_crazy_yiuf_cottage
D:8:      layout_cave_pods, uniq_grum, uniq_harold, uniq_psyche
Temple:   regret_index_temple_sphere_string

Skill      XL: |  1  2  3  4  5  6  7  8  9 10 |
---------------+-------------------------------+-----
Stealth        | 1 2 3 4 5 6 |  6.0
Long Blades    | 3 4 5 8 9 |  9.3
Evocations     | 1 2 3 |  3.9
Invocations    | 1 3 4 5 |  5.2
Fighting       | 4 5 |  5.0
Dodging        | 4 5 6 |  6.0
Shields        | 4 5 6 |  6.1

Action                   |  1- 3 |  4- 6 |  7- 9 | 10-12 || total
-------------------------+-------+-------+-------+-------++-------
Melee: Long sword        |    39 |    33 |   100 |    47 ||   219
       Constrict         |    13 |    52 |    64 |    13 ||   142
       Tentacles         |     8 |    37 |    69 |    10 ||   124
       Rapier            |       |   139 |   210 |       ||   349
Throw: Dart              |       |     4 |    27 |    10 ||    41
Evoke: Wand              |       |     1 |     1 |     3 ||     5
  Use: Scroll            |     1 |     8 |     9 |     1 ||    19
       Potion            |       |       |     6 |     2 ||     8
 Stab: Sleeping          |     5 |    14 |    16 |     1 ||    36
       Distracted        |       |     1 |     2 |       ||     3
Armor: Skin              |     4 |    15 |    25 |     5 ||    49
Dodge: Dodged            |    29 |    91 |   144 |    42 ||   306
Block: Kite shield       |    22 |    89 |   138 |    38 ||   287
       Rpst.: Long sword |     8 |     7 |    17 |     6 ||    38
